 Dungeon Crawl Stone Soup version 0.22-a0-443-g17c3723931 (webtiles) character file.

319 Kriby the Shield-Bearer (level 6, -1/49 HPs)
             Began as a Formicid Fighter on May 31, 2018.
             Killed by divine providence
             ... invoked by an orc priest
              (10 damage)
             ... on level 4 of the Dungeon.
             The game lasted 00:03:00 (3784 turns).

Kriby the Shield-Bearer (Formicid Fighter)          Turns: 3784, Time: 00:03:01

Health: -1/49      AC:  7    Str: 23    XL:     6   Next: 74%
Magic:  6/6        EV:  8    Int:  7    God:
Gold:   93         SH: 10    Dex: 10    Spells: 5/5 levels left

rFire    + . .     SeeInvis +   r - +2 hand axe (drain)
rCold    + . .     Gourm    .   c - +0 shield
rNeg     . . .     Faith    .   b - +0 scale mail
rPois    +         Spirit   .   (helmet unavailable)
rElec    +         Reflect  .   (no cloak)
rCorr    +         Harm     .   (no gloves)
MR       .....                  (no boots)
Stlth    ..........             t - amulet of the acrobat
HPRegen  0.16/turn              (no ring)
MPRegen  0.10/turn              (no ring)

@: resistant, very slightly contaminated, drained, invisible
A: permanent stasis, dig shafts and tunnels, four strong arms, antennae 3
a: Dig, Shaft Self


You were on level 4 of the Dungeon.
You were not hungry.

You visited 1 branch of the dungeon, and saw 4 of its levels.

You collected 93 gold pieces.

Inventory:

Hand Weapons
 a - a +0 war axe
 r - a +2 hand axe of draining (weapon)
Armour
 b - a +0 scale mail (worn)
 c - a +0 shield (worn)
Jewellery
 t - an amulet of the acrobat (around neck)
Scrolls
 e - 2 scrolls of magic mapping {unknown}
 i - a scroll of remove curse {unknown}
 j - 3 scrolls of noise {unknown}
 k - a scroll of amnesia {unknown}
 m - 2 scrolls of identify {unknown}
 n - 2 scrolls of teleportation {unknown}
 p - a scroll of fog {unknown}
 s - a scroll of blinking {unknown}
Potions
 d - a potion of might {@q4}
 o - a potion of brilliance {unknown}
Comestibles
 f - 9 rations {@e1}
 q - a chunk of flesh


   Skills:
 + Level 4.3 Fighting
 * Level 4.0 Axes
 + Level 4.2 Armour
 * Level 5.8 Shields


You had 5 spell levels left.
You didn't know any spells.
Your spell library was empty.

Dungeon Overview and Level Annotations

Branches:
Dungeon (4/15)
 Temple: D:4-7

Altars:
Hepliaklqana
Wu Jian
Xom


Innate Abilities, Weirdness & Mutations

You cannot be hasted, slowed, berserked, paralysed or teleported.
You can dig through walls and to a lower floor.
Your four strong arms can wield two-handed weapons with a shield.
You have a pair of large antennae on your head. (SInv)


Message History

You block the orc priest's attack.
You closely miss the orc priest.
The orc priest is severely wounded.
You hit the orc. You drain the orc!
You kill the orc!
The orc priest hits you with a morningstar!
* * * LOW HITPOINT WARNING * * *
You block the orc priest's attack.
You slash the orc priest! You drain the orc priest!
The orc priest is severely wounded.
You hit the orc priest but do no damage.
You drain the orc priest! The orc priest hits you with a flail.
* * * LOW HITPOINT WARNING * * *
You block the orc priest's attack.
You barely miss the orc priest.
The orc priest is severely wounded.
You closely miss the orc priest. You block the orc priest's attack.
The orc priest mumbles some strange prayers to Beogh against you.
Beogh smites you!
You die...

.... ....# ...
.o..###+#
###.####......o. ..
##.....##........
(..#.......#........
..#.....b.#........
......_............
#.....†o#..######
#.....@.#..#
..##....o##..+
##.####.####..#
............b###
...#...........#
#....".#....#
#......+ ...+
##......# ..#
#.....### .


You could see 2 orc priests.

Vanquished Creatures
  4 crimson imps (D:3)
  Robin (D:2)
  5 adders
  3 gnolls (D:3)
  An ooze (D:3)
  3 worms (D:2)
  2 leopard geckos
  6 orcs
  7 bats
  5 giant cockroaches
  10 goblins
  10 hobgoblins
  3 jackals (D:1)
  A quokka (D:3)
  2 ball pythons
  2 frilled lizards (D:1)
  11 kobolds
  9 rats
85 creatures vanquished.

Notes
Turn   | Place    | Note
-------+----------+-------------------------------------------
     0 | D:1      | Kriby the Formicid Fighter began the quest for the Orb.
     0 | D:1      | Reached XP level 1. HP: 18/18 MP: 1/1
    96 | D:1      | Reached XP level 2. HP: 24/24 MP: 2/2
   259 | D:1      | Reached skill level 4 in Shields
   427 | D:1      | Reached XP level 3. HP: 29/29 MP: 3/3
  1515 | D:2      | Reached XP level 4. HP: 24/37 MP: 4/4
  1661 | D:2      | Noticed Robin
  1687 | D:2      | Killed Robin
  2073 | D:2      | Reached XP level 5. HP: 41/42 MP: 5/5
  2369 | D:3      | Found a hazy altar of Hepliaklqana.
  2668 | D:3      | Found a shimmering altar of Xom.
  2685 | D:3      | Reached skill level 5 in Shields
  2709 | D:3      | Reached XP level 6. HP: 43/48 MP: 6/6
  3750 | D:4      | Found an ornate altar of the Wu Jian Council.
  3784 | D:4      | Killed from afar by an orc priest

Vault maps used:
D:1:      lightli_arrival_quake, minmay_crystal_room
D:2:      eino_tiny_chamber, uniq_robin
D:3:      led_xom_imps, nicolae_overflow_crystal_walls, first_ration
D:4:      old_standard_altar, nicolae_ru_the_path_less_chosen,
          minmay_temple_entry_butterflies, serial_shops, shop,
          grunt_qazlal_sundering, uniq_duvessa

Skill      XL: |  1  2  3  4  5  6 |
---------------+-------------------+-----
Shields        | 4 5 |  5.8
Axes           | 3 4 |  4.0
Fighting       | 4 |  4.3
Armour         | 4 |  4.2

Action                   |  1- 3 |  4- 6 || total
-------------------------+-------+-------++-------
Melee: War axe           |   126 |   132 ||   258
       Hand axe          |       |    39 ||    39
  Use: Potion            |       |     2 ||     2
 Stab: Invisible         |       |     2 ||     2
  Eat: Chunk             |     2 |     8 ||    10
Armor: Scale mail        |    62 |    50 ||   112
Dodge: Dodged            |    47 |    61 ||   108
Block: Shield            |    85 |   102 ||   187

Table legend:
 A = Spawn XP
 B = Non-spawn XP
 C = Spawn XP percentage of total XP
 D = Spawn monster count
 E = Non-spawn monster count
 F = Spawn count percentage of total count
 G = Total turns spent on level
                    A         B        C        D         E        F      G
               +---------+---------+-------+---------+---------+-------+---------
         Total |       0 |     456 |   0.0 |       0 |      85 |   0.0 |  3784
               +---------+---------+-------+---------+---------+-------+---------
           D:1 |       0 |      38 |   0.0 |       0 |      25 |   0.0 |  1265
           D:2 |       0 |     112 |   0.0 |       0 |      24 |   0.0 |  1084
           D:3 |       0 |     299 |   0.0 |       0 |      33 |   0.0 |  1367
           D:4 |       0 |       7 |   0.0 |       0 |       3 |   0.0 |    68
               +---------+---------+-------+---------+---------+-------+---------
